 Dungeon Crawl Stone Soup version 0.23.2-1-ga50397a6bc (webtiles) character file.

Game seed: 11229715453411479115

4400 Gargoyl the Chopper (level 10, -2/82 (83) HPs)
             Began as a Centaur Abyssal Knight on May 8, 2019.
             Was a High Priest of Lugonu.
             Slain by an unseen horror (5 damage)
             ... on level 9 of the Dungeon.
             The game lasted 00:13:31 (11375 turns).

Gargoyl the Chopper (Centaur Abyssal Knight)       Turns: 11375, Time: 00:13:32

HP:   -2/82 (83)    AC: 12    Str: 16    XL:     10   Next: 13%
MP:   14/14         EV: 10    Int: 11    God:    Lugonu [*****.]
Gold: 429           SH:  4    Dex: 11    Spells: 9/9 levels left

rFire    . . .     SeeInvis .   a - +7 hand axe
rCold    . . .     Gourm    .   (no shield)
rNeg     + . .     Faith    .   s - +3 ring mail
rPois    .         Spirit   .   (no helmet)
rElec    .         Reflect  +   x - +0 cloak
rCorr    .         Harm     .   i - +0 pair of gloves
MR       .....                  (no barding)
Stlth    ..........             m - +4 amulet of reflection
HPRegen  0.23/turn              y - ring of positive energy
MPRegen  0.14/turn              (no ring)

@: very quick
A: large, hooves 3, deformed body, speed 2, tough skin 3
a: Depart the Abyss, Bend Space, Banish, Corrupt, Enter the Abyss, Renounce
Religion


You were on level 9 of the Dungeon.
You worshipped Lugonu.
Lugonu was extremely pleased with you.
You were not hungry.

You visited 1 branch of the dungeon, and saw 9 of its levels.
You visited the Abyss 1 time.
You also visited: Ossuary.

You collected 429 gold pieces.

Inventory:

Hand Weapons
 a - a +7 hand axe (weapon)
Missiles
 u - 5 tomahawks of returning (quivered)
Armour
 i - a +0 pair of gloves (worn)
 s - a +3 ring mail (worn)
 x - a +0 cloak (worn)
Jewellery
 m - a +4 amulet of reflection (around neck)
 y - a ring of positive energy (left hand)
 D - a cursed -3 ring of strength {unknown}
Wands
 k - a wand of random effects (7)
 l - a wand of paralysis (10)
 p - a wand of acid (6)
 w - a wand of scattershot (7)
 E - a wand of digging (12)
Scrolls
 b - 7 scrolls of remove curse
 e - a scroll of identify
 h - 7 scrolls of teleportation
 B - a scroll of enchant weapon
 C - a scroll of fog
Potions
 d - a potion of magic
 f - a potion of heal wounds {unknown}
 g - 5 potions of curing
 j - 2 potions of mutation {unknown}
 n - a potion of agility
 o - 9 potions of haste
 q - a potion of cancellation {unknown}
 r - a potion of berserk rage {unknown}
 t - a potion of ambrosia {unknown}
 v - 2 potions of flight {unknown}
 z - a potion of degeneration {unknown}
 A - a potion of lignification {unknown}
Comestibles
 c - 22 rations


   Skills:
 + Level 5.8 Fighting
 + Level 7.2 Axes
 * Level 6.4 Armour
 * Level 4.5 Dodging
 * Level 6.4 Invocations
 + Level 0.1 Evocations


You had 9 spell levels left.
You didn't know any spells.
Your spell library was empty.

Dungeon Overview and Level Annotations

Branches:
Dungeon (9/15)             Temple (0/1) D:7
   Lair: D:8-11         Orc: D:9-12

Altars:
Elyvilon
Ru

Shops:
D:4 [   D:6 *

Annotations:
D:3 1 runed translucent door, Sondor's ghost, amateur DDHu
D:4 1 runed translucent door, Elric's ghost, amateur DDFi


Innate Abilities, Weirdness & Mutations

You have hooves in place of feet.
Armour fits poorly on your strangely shaped body.
You cover ground very quickly.
You have extremely tough skin. (AC +3)


Message History

Something hits you but does no damage.
You hit the slime creature.
The slime creature is lightly wounded.
You hit something. Something hits you.
* * * LOW HITPOINT WARNING * * *
The slime creature hits you but does no damage.
You hit the slime creature. You kick the slime creature.
The slime creature is lightly wounded.
The slime creature closely misses you. Something hits you but does no damage.
Something hits you!
* * * LOW HITPOINT WARNING * * *
You see here an iguana corpse.
Something hits you but does no damage. Something completely misses you.
Something hits you.
* * * LOW HITPOINT WARNING * * *
Something hits you!
* * * LOW HITPOINT WARNING * * *
Something hits you.
You die...

##...! .....##
#.....###...(.# .. #(..†...#
#. ## .. #..)[†..#######.#..
##.### #..###J.#..#..#...#
##..(.. ....
#......#......###...... ##..
#..#.(###.............. ...
####................... ...
#..#..@......###....... #
... #......###.#...........
....###....^................
#..................##......
#.....................††...
#.....###..........#.......
.....## #....((....#.......
..... #..........#.......
... #..........#.......


You could see a slime creature.

Vanquished Creatures
  A hippogriff (D:7)
  A yak (D:7)
  A human (D:7)
  3 hogs (D:7)
  An orc warrior (D:7)
  2 ice beasts
  A black bear (D:7)
  A phantom (D:5)
  2 necrophages
  An ogre (D:9)
  3 centaurs
  2 big kobolds
  Blork the orc (D:4)
  3 bullfrogs
  An elf zombie (Ossuary)
  2 scorpions
  3 killer bees (D:8)
  A crimson imp (D:6)
  2 centaur zombies (Ossuary)
  A bullfrog zombie (D:5)
  A hound (D:7)
  A gnoll shaman (D:8)
  4 human zombies (Ossuary)
  3 orc priests
  2 jellies
  2 bullfrog skeletons
  7 orc wizards
  2 iguanas
  12 worker ants
  2 big kobold zombies (Ossuary)
  A hound zombie (D:6)
  2 mummies (Ossuary)
  A hound skeleton (D:6)
  2 worker ant zombies (D:6)
  15 gnolls
  6 adders
  A howler monkey skeleton (D:7)
  4 shadow imps
  3 adder zombies
  2 adder skeletons
  A worm (D:3)
  A dart slug (D:4)
  4 leopard geckos
  21 orcs
  9 giant cockroaches
  13 goblins
  10 hobgoblins
  13 jackals
  17 kobolds
  10 quokkas
  6 bats
  A frilled lizard (D:1)
  13 hobgoblin zombies (Ossuary)
  9 kobold zombies (Ossuary)
  A leopard gecko skeleton (D:7)
  6 orc zombies (Ossuary)
  8 rats
249 creatures vanquished.

Vanquished Creatures (others)
  A two-headed ogre (D:8)
  2 withered plants (D:4)
3 creatures vanquished.

Grand Total: 252 creatures vanquished

Notes
Turn   | Place    | Note
-------+----------+-------------------------------------------
     0 | Abyss:1  | Gargoyl the Centaur Abyssal Knight began the quest for the
                  | Orb.
     0 | Abyss:1  | Reached XP level 1. HP: 19/19 MP: 2/2
     0 | Abyss:1  | Found a corrupted altar of Lugonu.
    49 | Abyss:1  | Found a corrupted altar of Lugonu.
    67 | Abyss:1  | Found a corrupted altar of Lugonu.
   122 | Abyss:1  | Noticed a hellion
   123 | D:1      | Escaped the Abyss
   140 | D:1      | Reached * piety under Lugonu
   318 | D:1      | Reached XP level 2. HP: 14/26 MP: 3/3
  1235 | D:2      | Reached skill level 1 in Dodging
  1239 | D:2      | Reached XP level 3. HP: 31/31 MP: 4/4
  1245 | D:2      | Reached skill level 2 in Axes
  1305 | D:2      | Reached ** piety under Lugonu
  1452 | D:2      | You fall through a shaft!
  1694 | D:2      | Reached XP level 4. HP: 37/38 MP: 5/5
  2193 | D:3      | Found a faded altar of an unknown god.
  2297 | D:3      | Found a runed translucent door.
  2297 | D:3      | Noticed Sondor's ghost (amateur DDHu)
  2921 | D:4      | Found Nuzxiz's Armour Shop.
  2938 | D:4      | Found a runed translucent door.
  2938 | D:4      | Noticed Elric's ghost (amateur DDFi)
  3059 | D:4      | Reached XP level 5. HP: 44/46 MP: 7/7
  3160 | D:4      | Noticed Blork the orc
  3173 | D:4      | Killed Blork the orc
  3173 | D:4      | Reached skill level 3 in Axes
  4132 | D:5      | Entered Level 5 of the Dungeon
  4142 | D:4      | Reached XP level 6. HP: 46/52 MP: 8/8
  4827 | D:5      | Reached *** piety under Lugonu
  4894 | D:5      | Reached XP level 7. HP: 33/58 MP: 9/9
  5548 | D:5      | Reached skill level 4 in Axes
  6096 | D:5      | Got a steaming whip
  6097 | D:5      | Identified the +1 whip "Qoaraw" {slash, Fragile rF+ rC++
                  | Int+2} (You found it on level 5 of the Dungeon)
  6257 | D:6      | Reached XP level 8. HP: 57/65 MP: 11/11
  6654 | D:6      | Reached **** piety under Lugonu
  6872 | D:6      | Reached skill level 5 in Armour
  7311 | D:6      | Reached skill level 5 in Axes
  7436 | D:6      | Found Emuvedua's Assorted Antiques.
  7662 | D:7      | Found a staircase to the Ecumenical Temple.
  7748 | D:7      | Found a sand-covered staircase.
  7753 | Ossuary  | Entered an ossuary
  7824 | Ossuary  | Reached ***** piety under Lugonu
  7859 | Ossuary  | Reached skill level 5 in Invocations
  7870 | Ossuary  | Reached XP level 9. HP: 16/72 MP: 12/12
  8372 | D:7      | Reached skill level 5 in Fighting
  8372 | D:7      | Reached skill level 6 in Axes
  9015 | D:7      | Found a sacrificial altar of Ru.
  9450 | D:8      | Noticed a two-headed ogre
  9886 | D:8      | Banished a two-headed ogre
  9886 | D:8      | Reached skill level 7 in Axes
 10344 | D:8      | Reached XP level 10. HP: 49/82 MP: 14/14
 10854 | D:8      | Found a white marble altar of Elyvilon.
 11374 | D:9      | HP: 3/82 [something (10)]
 11375 | D:9      | Slain by an unseen horror

Skill      XL: |  1  2  3  4  5  6  7  8  9 |
---------------+----------------------------+-----
Dodging        | 1 2 3 4 |  4.5
Axes           | 2 3 4 5 7 |  7.2
Armour         | 2 3 4 5 6 |  6.4
Invocations    | 3 4 5 6 |  6.4
Fighting       | 4 5 |  5.8
Evocations     | |  0.1

Action                   |  1- 3 |  4- 6 |  7- 9 | 10-12 || total
-------------------------+-------+-------+-------+-------++-------
Melee: Hand axe          |   116 |   131 |   418 |    42 ||   707
       Kick              |    13 |    36 |   102 |    11 ||   162
Invok: Depart the Abyss  |     1 |       |       |       ||     1
       Banish            |       |       |     1 |       ||     1
Evoke: Wand              |       |       |     2 |       ||     2
  Use: Potion            |     2 |       |       |       ||     2
       Scroll            |     5 |     4 |    16 |       ||    25
  Eat: Chunk             |     1 |     8 |    16 |       ||    25
       Ration            |       |       |       |     1 ||     1
Armor: Ring mail         |     4 |       |   152 |    26 ||   182
       Scale mail        |    70 |    70 |    74 |       ||   214
       Plate armour      |       |       |    30 |       ||    30
Dodge: Dodged            |    59 |    53 |   187 |    22 ||   321
Block: Other             |       |       |    78 |     6 ||    84
       Reflection        |       |       |     3 |       ||     3
